AoeStats
← CamperCarl

MegaRandom

508629484Analyzed
2v2 RM · 8d ago on Sep 23, 2026· 48m 23s· 4 players
Game mode
Random Map
Map size
Medium (4 player)
Population
200
Speed
Normal
Resources
Standard
Victory
Conquest
Starting age
Dark Age
Ending age
Imperial Age
RankedLock teamsTeams togetherTeam positionsShared explorationLock speedFull tech treeHidden civsTurbo modeCheats
Victory
Defeat
🇯🇵 Saxons · Japan
1386
+15
🇨🇳 Huns · China
1360
+15
🇦🇺 Sicilians · Australia
1380
-16
🇦🇺 Varangians · Australia
1331
-14
mayoke331
0:34 Loom
12:50 Feudal Age
17:33 Castle Age
15:21 Double-Bit Axe
16:15 Horse Collar
16:41 Man-at-Arms
19:07 Wheelbarrow
19:31 Bow Saw
19:59 Town Watch
20:45 Fletching
21:50 Gold Mining
22:27 Long Swordsman
23:09 Scale Mail Armor
24:09 Squires
24:46 Gambesons
25:32 Bodkin Arrow
26:17 Padded Archer Armor
28:22 Stone Mining
29:58 Hand Cart
30:57 Ballistics
31:21 Bloodlines
31:53 Husbandry
32:09 Heavy Plow
32:52 Arson
36:44 Imperial Age
35:16 Chain Mail Armor
35:11 Forging
35:52 Gold Shaft Mining
36:54 Capped Ram
37:36 Bracer
36:58 Two-Handed Swordsman
37:26 Gambesons
38:54 Two-Man Saw
37:47 Cranequins
37:52 Champion
39:33 Plate Mail Armor
39:45 Iron Casting
40:06 Conscription
42:33 Elite Skirmisher
44:33 Leather Archer Armor
43:50 Siege Ram
46:06 Ring Archer Armor
46:10 Siege Engineers
46:39 Treadmill Crane
47:09 Masonry
48:00 Chemistry
不会讲英文
5:56 Loom
10:06 Feudal Age
17:36 Forging
18:18 Horse Collar
22:11 Castle Age
21:10 Bloodlines
21:05 Gold Mining
21:43 Town Watch
22:05 Double-Bit Axe
22:24 Fletching
23:12 Bodkin Arrow
23:50 Heavy Plow
29:07 Wheelbarrow
32:47 Ballistics
33:58 Padded Archer Armor
34:43 Hand Cart
35:41 Leather Archer Armor
36:27 Husbandry
45:51 Imperial Age
44:27 Bow Saw
44:55 Gold Shaft Mining
44:12 Stone Mining
45:29 Town Patrol
47:44 Chemistry
46:26 Heavy Cavalry Archer
47:13 Thumb Ring
47:35 Parthian Tactics
47:13 Bracer
46:46 Capped Ram
48:49 Two-Man Saw
47:39 Siege Ram
48:49 Conscription
GI
0:34 Loom
12:50 Feudal Age
13:55 Double-Bit Axe
14:30 Horse Collar
16:27 Wheelbarrow
21:01 Castle Age
20:31 Town Watch
21:25 Scale Mail Armor
21:38 Forging
22:56 Chain Mail Armor
26:14 Hand Cart
29:48 Fletching
31:13 Bodkin Arrow
33:35 Padded Archer Armor
37:32 Imperial Age
35:38 Ballistics
35:29 Masonry
36:30 Leather Archer Armor
36:30 Town Patrol
38:36 Conscription
38:54 Bracer
39:57 Chemistry
38:23 Cranequins
38:44 Heavy Mounted Crossbowman
43:32 Hoardings
42:48 Pikeman
43:29 Squires
43:53 Elite Skirmisher
45:47 Heavy Plow
CamperCarl
0:32 Loom
13:55 Feudal Age
18:04 Bloodlines
22:37 Castle Age
22:02 Scale Barding Armor
24:31 Chain Barding Armor
26:16 Husbandry
28:31 Fishing Lines
Connection lost

Rejoining the realm…

Still unreachable

The connection could not be restored.

Session expired

The server has moved on; the page needs a fresh start.